Map: Coda LE

Players

Parachute - Winner!

  • Race: Terran Terran
  • Spawn Location: 5:00

Javert

  • Race: Zerg Zerg
  • Spawn Location: 11:00

VOD

Have the link to the VOD?

Description

Time

  • Played on: April 2, 2015, 1:23 a.m.
  • Length: 5:34
Show
View Real Time Build Order
Export as new Build Order

Parachute Terran - Winner!

Build Orders: Hellion Banshee 

Get SALT Encoding   

  12  0:02  SCV  
  13  0:19  SCV, Supply Depot  
  14  0:31  SCV  
  15  0:42  Barracks  
  15  0:43  SCV  
  15  0:47  Refinery  
  16  0:55  SCV  
  17  0:58  Refinery  
  17  1:07  SCV  
  17  1:21  SCV  
  18  1:33  Orbital Command  
  18  1:34  Reaper  
  18  1:39  Supply Depot  
  19  1:58  Factory  
  19  2:02  SCV  
  20  2:12  Barracks Reactor  
  20  2:14  SCV  
  21  2:28  SCV  
  22  2:36  Command Center  
  22  2:44  Supply Depot  
  22  2:47  SCV  
  23  2:59  SCV  
  24  3:06  Hellion x2  
  24  3:11  SCV  
  29  3:15  Starport  
  29  3:23  SCV  
  29  3:26  Supply Depot  
  30  3:30  Barracks Tech Lab  
  30  3:35  SCV  
  30  3:37  Hellion  
  33  3:41  Hellion  
  34  3:48  Orbital Command  
  34  3:55  SCV  
  35  3:58  Banshee  
  35  4:02  Cloaking Field  
  38  4:07  SCV  
  39  4:16  Hellion x2  
  43  4:19  SCV x2  
  45  4:24  Barracks Tech Lab  
  45  4:31  SCV x2  
  47  4:41  Armory  
  47  4:43  SCV x2  
  47  4:44  Hellion x2  
  53  4:55  SCV  
  54  5:01  SCV  
  54  5:04  Marine  
  56  5:08  Command Center  
  56  5:11  SCV  
  56  5:13  SCV  
  58  5:19  Supply Depot x2  
  58  5:27  Barracks x2  
Show
View Real Time Build Order
Export as new Build Order

Javert Zerg 

Build Orders: Hatch First 

Get SALT Encoding   

  12  0:01  Drone  
  13  0:16  Overlord  
  13  0:18  Drone  
  14  0:36  Drone x2  
  16  0:54  Hatchery  
  15  0:58  Drone  
  15  1:01  Drone  
  17  1:04  Extractor  
  17  1:08  Drone  
  17  1:21  Spawning Pool  
  17  1:24  Drone  
  17  1:34  Drone x2  
  19  1:43  Drone  
  20  1:56  Overlord  
  20  2:10  Metabolic Boost  
  20  2:12  Queen x2  
  23  2:16  Drone  
  23  2:21  Drone  
  23  2:22  Drone  
  27  2:30  Zergling x4  
  27  2:34  Drone  
  29  2:44  Drone x2  
  29  2:50  Spore Crawler  
  30  3:15  Drone x3  
  30  3:17  Overlord  
  33  3:23  Zergling x4  
  35  3:35  Queen x2  
  39  3:44  Drone  
  39  3:45  Drone x2  
  42  3:50  Drone  
  43  3:55  Overlord  
  43  4:03  Hatchery  
  41  4:10  Zergling x4  
  41  4:11  Zergling x2  
  42  4:17  Roach Warren  
  42  4:19  Evolution Chamber  
  42  4:22  Lair  
  42  4:24  Extractor  
  39  4:25  Zergling x10  
  44  4:41  Drone x2  
  44  4:42  Drone  
  44  4:44  Extractor  
  46  4:46  Extractor  
  44  5:00  Zergling x12  
  50  5:07  Drone x3  
  52  5:20  Spore Crawler  
Tags
 
Composition
Hellion Banshee
Matchup
TvZ
Spawn Locations
Cross Positions
Add a new tag
Caveats
  • Supply blocks, unpowered buildings, or Contaminate may cause inaccurate times.
  • Supply counts are checked every 10 seconds.